Map: Sequencer LE

Players

iAsonu

  • Race: Zerg Zerg
  • Spawn Location: 7:00

SortOf - Winner!

  • Race: Zerg Zerg
  • Spawn Location: 1:00

Event: WCS Jonkoping 2017

VOD

Have the link to the VOD?

Description

Time

  • Played on: June 17, 2017, 2:50 p.m.
  • Length: 5:18

All games in this series

Show
View Real Time Build Order
Export as new Build Order

iAsonu Zerg 

Build Orders: Hatch First 

Get SALT Encoding   

  12  0:01  Drone  
  13  0:12  Overlord  
  13  0:17  Drone  
  14  0:31  Drone x2  
  14  0:34  Drone  
  17  0:53  Hatchery  
  17  0:56  Drone  
  17  0:58  Drone  
  18  1:09  Extractor  
  17  1:13  Spawning Pool  
  17  1:16  Drone  
  17  1:19  Drone  
  18  1:28  Drone  
  19  1:40  Overlord  
  19  1:50  Drone  
  20  2:00  Queen  
  22  2:01  Drone  
  22  2:05  Queen, Zergling x2  
  26  2:11  Metabolic Boost  
  26  2:12  Drone  
  27  2:16  Drone  
  28  2:25  Drone  
  28  2:27  Drone  
  30  2:30  Baneling Nest  
  30  2:33  Drone  
  30  2:43  Drone  
  31  2:48  Drone  
  32  2:55  Hatchery  
  32  2:58  Overlord  
  31  2:59  Drone  
  31  3:04  Drone  
  31  3:05  Queen  
  36  3:15  Overlord  
  36  3:18  Drone x4  
  40  3:20  Drone  
  40  3:22  Drone  
  40  3:26  Drone  
  40  3:27  Drone  
  44  3:37  Drone  
  44  3:40  Zergling x2  
  44  3:41  Zergling x2  
  46  3:42  Drone x2  
  46  3:48  Drone  
  49  3:51  Drone  
  49  3:52  Extractor x2  
  49  3:53  Evolution Chamber, Drone  
  49  3:55  Roach Warren, Drone  
  48  3:56  Drone  
  49  4:07  Overlord  
  49  4:08  Drone  
  50  4:11  Overlord  
  50  4:18  Overlord  
  48  4:27  Zergling x8  
  48  4:28  Zergling x4  
  51  4:33  Zergling x4  
  51  4:36  Zergling x6  
  48  4:39  Zergling x4  
  23  4:55  Drone x2  
  23  4:57  Drone  
  23  4:59  Drone  
  25  5:05  Drone  
Show
View Real Time Build Order
Export as new Build Order

SortOf Zerg - Winner!

Build Orders: Hatch First 

Get SALT Encoding   

  12  0:00  Drone  
  13  0:12  Overlord  
  13  0:17  Drone  
  14  0:32  Drone  
  14  0:33  Drone  
  16  0:38  Drone  
  17  0:53  Hatchery  
  17  0:55  Drone  
  17  0:59  Drone  
  18  1:09  Extractor  
  17  1:15  Spawning Pool  
  17  1:17  Drone  
  17  1:20  Drone  
  18  1:28  Overlord  
  18  1:39  Drone  
  19  2:02  Queen, Zergling x4  
  19  2:05  Queen, Drone  
  26  2:12  Drone  
  27  2:16  Drone  
  27  2:18  Metabolic Boost  
  28  2:23  Drone  
  28  2:28  Drone  
  30  2:38  Queen, Drone  
  30  2:40  Overlord  
  30  2:44  Queen  
  33  2:50  Drone  
  36  2:57  Evolution Chamber  
  35  2:58  Drone x2  
  35  2:59  Drone  
  38  3:13  Roach Warren  
  38  3:18  Drone  
  38  3:19  Overlord x2  
  38  3:23  Zergling x2  
  38  3:24  Zergling x4  
  41  3:31  Zergling x4  
  43  3:38  Zergling x6  
  46  3:47  Overlord  
  46  3:49  Zergling x6  
  49  3:58  Zergling x2  
  49  3:59  Zergling x6  
  53  4:05  Drone x2  
  55  4:11  Overlord  
  54  4:29  Overlord  
  51  4:32  Roach  
  51  4:33  Roach x6  
  51  4:35  Roach  
  63  4:46  Roach  
  63  4:48  Roach  
  65  4:56  Roach  
  65  4:58  Hatchery, Overlord  
Tags
 
Add a new tag
Caveats
  • Supply blocks, unpowered buildings, or Contaminate may cause inaccurate times.
  • Supply counts are checked every 10 seconds.